 Dungeon Crawl Stone Soup version 0.31.0-2-g5a2aebc5c2 (webtiles) character file.

Game seed: 11359642860564891693

270 Aviak the Apothecary (level 6, -5/44 HPs)
             Began as a Gnoll Alchemist on Jan 20, 2024.
             Shot with an arrow by a gnoll (8 damage)
             ... on level 4 of the Dungeon.
             The game lasted 00:05:58 (3413 turns).

Aviak the Apothecary (Gnoll Alchemist)              Turns: 3413, Time: 00:05:58

Health: -5/44      AC:  3    Str: 13 (14) XL:     6   Next: 22%
Magic:  12/14      EV: 13    Int: 15 (16) God:
Gold:   77         SH:  0    Dex: 11 (12) Spells: 9/15 levels left

rFire   + . .        l - +0 war axe (venom)
rCold   + . .        (no shield)
rNeg    . . .        a - +0 robe
rPois   +            (no helmet)
rElec   +            (no cloak)
rCorr   +            h - +0 pair of gloves
SInv    .            (no boots)
Will    +....        (no amulet)
Stlth   +++          P - ring of poison resistance
HPRegen 0.27/turn    o - +6 ring of strength
MPRegen 0.14/turn

%: no passive effects
@: resistant, enlightened, flying
A: fangs 1, strong nose, distributed training
a: no special abilities


You were on level 4 of the Dungeon.
You visited 1 branch of the dungeon, and saw 4 of its levels.

You collected 256 gold pieces.
You spent 179 gold pieces at shops.

Inventory:

Hand Weapons
 c - a +0 short sword
 f - a +0 dagger of pain
 l - a +0 war axe of venom (weapon)
Armour
 a - a +0 robe (worn)
 h - a +0 pair of gloves (worn)
Jewellery
 k - an amulet of faith {!P}
 o - a +6 ring of strength (right hand)
 P - a ring of poison resistance (left hand)
Talismans
 p - a granite talisman
Scrolls
 d - a scroll of acquirement {unknown}
 e - a scroll of immolation {unknown}
 g - 3 scrolls of identify {unknown}
 i - a scroll of fear {unknown}
 t - a scroll of teleportation
Potions
 b - 2 potions of magic


   Skills:
 + Level 2.0 Fighting
 + Level 2.0 Short Blades
 + Level 2.0 Long Blades
 + Level 2.0 Axes
 + Level 2.0 Maces & Flails
 + Level 2.0 Polearms
 + Level 2.0 Staves
 + Level 2.0 Ranged Weapons
 + Level 2.0 Throwing
 + Level 2.0 Armour
 + Level 5.0 Dodging
 + Level 4.6 Stealth
 + Level 2.0 Shields
 + Level 2.0 Unarmed Combat
 + Level 5.3 Spellcasting
 + Level 2.6 Conjurations
 + Level 1.5 Hexes
 + Level 1.5 Summonings
 + Level 1.5 Necromancy
 + Level 1.5 Translocations
 + Level 1.5 Fire Magic
 + Level 1.5 Ice Magic
 + Level 1.5 Air Magic
 + Level 1.5 Earth Magic
 + Level 5.6 Alchemy
 + Level 2.1 Invocations
 + Level 2.0 Evocations
 + Level 1.7 Shapeshifting


You had 9 spell levels left.
You knew the following spells:

 Your Spells              Type           Power      Damage    Failure   Level
a - Sting                 Conj/Alch      64%        1d7       2%          1
b - Mercury Vapours       Alch/Air       28%        N/A       5%          2
c - Mephitic Cloud        Conj/Alch/Air  13%        N/A       12%         3

Your spell library contained the following spells:

 Spells                   Type           Power      Damage    Failure   Level
 Olgreb's Toxic Radiance  Alch           21%        N/A       16%         4
 Hailstorm                Conj/Ice       10%        3d6       21%         3
 Summon Ice Beast         Ice/Summ       8%         N/A       26%         3
 Sticky Flame             Fire/Alch      14%        2d5       34%         4
 Sculpt Simulacrum        Ice/Alch       7%         N/A       99%         6


Dungeon Overview and Level Annotations

Branches:
Dungeon (4/15)
 Temple: D:4-7

Altars:

Shops:
D:3 (=**   D:4 [(?


Innate Abilities, Weirdness & Mutations

You have very sharp teeth.
Your uncanny sense of smell can sniff out nearby items.
Your experience applies equally to all skills.


Message History

The gnoll tears the web.
The ribbon worm closely misses you.
The gnoll shoots an arrow.
The arrow hits you.
You slash the ribbon worm!
You kill the ribbon worm!
The gnoll shoots an arrow.
The arrow hits you.
* * * LOW HITPOINT WARNING * * *
Your Fighting skill increases to level 2!
Your Short Blades skill increases to level 2!
Your Long Blades skill increases to level 2!
Your Axes skill increases to level 2!
Your Maces & Flails skill increases to level 2!
Your Polearms skill increases to level 2!
Your Staves skill increases to level 2!
Your Ranged Weapons skill increases to level 2!
Your Throwing skill increases to level 2!
Your Armour skill increases to level 2!
Your Shields skill increases to level 2!
Your Unarmed Combat skill increases to level 2!
Your Evocations skill increases to level 2!
Unknown command.
It was a potion of resistance.
You feel protected.
The gnoll shoots an arrow.
The arrow hits you!
* * * LOW HITPOINT WARNING * * *
It was a potion of degeneration.
There was something very wrong with that liquid.
You feel weakened.
You feel dopey.
You feel clumsy.
It was a potion of enlightenment.
You feel very buoyant.
You fly up into the air.
The gnoll shoots an arrow.
The arrow completely misses you.
Casting: Mephitic Cloud (dangerous; 12% risk of failure)
Confirm with . or Enter, or press ? or * to list all spells.
Aiming: Mercury Vapours (safe; 5% risk of failure)
Press: ? - help, Dir - move target, f - gnoll
Aim: a gnoll, wielding a +0 shortbow (chance to weaken: 100%) Fumes of mercury billow around the gnoll!
The gnoll is poisoned.
The gnoll looks weaker.
The gnoll shoots an arrow.
The arrow hits you!
You die...

#.. ..# āˆ† ..
#####.. ..##### .
...#...#.. ..#...#..
#..gā€ #.###.# ....
##
#...###...###...###.
##.#..)..#.###.#.
#.g.#...#...#...#
#...#####...#...###
#.@.#...#...#...#..
##ā€
#.....#.###.#... āˆ†
.###...###...###..
.# ##### ##### ###
##


You could see a gnoll (very poisoned, weak).

Vanquished Creatures
  A bombardier beetle (D:3)
  Natasha (thrice) (D:2)
  2 gnolls (D:4)
  6 adders
  5 ribbon worms
  2 dart slugs (D:4)
  2 orcs (D:3)
  4 bats
  10 endoplasms
  8 goblins
  2 hobgoblins
  6 jackals
  6 quokkas
  5 ball pythons
  5 frilled lizards
  5 kobolds
  3 rats
75 creatures vanquished.

Notes
Turn   | Place    | Note
-------+----------+-------------------------------------------
     0 | D:1      | Aviak the Gnoll Alchemist began the quest for the Orb.
     0 | D:1      | Reached XP level 1. HP: 13/13 MP: 6/6
   251 | D:1      | Reached XP level 2. HP: 16/19 MP: 1/7
  1073 | D:2      | Reached skill level 5 in Spellcasting
  1073 | D:2      | Reached XP level 3. HP: 25/25 MP: 6/9
  1338 | D:2      | Reached skill level 1 in Invocations
  1387 | D:2      | Learned a level 2 spell: Mercury Vapours
  1391 | D:2      | Learned a level 3 spell: Mephitic Cloud
  1471 | D:2      | Noticed Natasha
  1476 | D:2      | Killed Natasha
  1477 | D:2      | Reached skill level 1 in Fighting
  1477 | D:2      | Reached skill level 1 in Short Blades
  1477 | D:2      | Reached skill level 1 in Long Blades
  1477 | D:2      | Reached skill level 1 in Axes
  1477 | D:2      | Reached skill level 1 in Maces & Flails
  1477 | D:2      | Reached skill level 1 in Polearms
  1477 | D:2      | Reached skill level 1 in Staves
  1477 | D:2      | Reached skill level 1 in Ranged Weapons
  1477 | D:2      | Reached skill level 1 in Throwing
  1477 | D:2      | Reached skill level 1 in Armour
  1477 | D:2      | Reached skill level 1 in Shields
  1477 | D:2      | Reached skill level 1 in Unarmed Combat
  1477 | D:2      | Reached skill level 1 in Evocations
  1477 | D:2      | Reached skill level 1 in Shapeshifting
  1477 | D:2      | Reached XP level 4. HP: 32/32 MP: 6/11
  1644 | D:2      | Reached skill level 1 in Hexes
  1644 | D:2      | Reached skill level 1 in Summonings
  1644 | D:2      | Reached skill level 1 in Necromancy
  1644 | D:2      | Reached skill level 1 in Translocations
  1644 | D:2      | Reached skill level 1 in Fire Magic
  1644 | D:2      | Reached skill level 1 in Ice Magic
  1644 | D:2      | Reached skill level 1 in Air Magic
  1644 | D:2      | Reached skill level 1 in Earth Magic
  2019 | D:2      | Noticed Natasha
  2025 | D:2      | Killed Natasha
  2111 | D:2      | Noticed Natasha
  2119 | D:2      | Killed Natasha
  2120 | D:2      | Reached XP level 5. HP: 29/37 MP: 6/12
  2585 | D:3      | Found Lyenits's Antique Weapon Shop.
  2595 | D:3      | Bought a glowing war axe for 149 gold pieces
  2649 | D:3      | Found Waek's General Store.
  2673 | D:3      | Bought a scroll of teleportation for 30 gold pieces
  2829 | D:3      | Found Zimuff's Jewellery Shoppe.
  2835 | D:3      | Found Cifigixt's Assorted Antiques.
  3167 | D:4      | Reached XP level 6. HP: 44/44 MP: 13/13
  3171 | D:4      | Found Kyahawk's Magic Scroll Boutique.
  3216 | D:4      | Found Fofi's Weapon Shop.
  3286 | D:4      | Found Susaom's Armour Boutique.
  3366 | D:4      | Reached skill level 5 in Dodging
  3413 | D:4      | Shot with an arrow by a gnoll

Illustrated notes

Levels and vault maps discovered:
D:1:      dpeg_arrival_brainrot, layout_basic, fountainhead,
          serial_bayou_lagoon_b
D:2:      layout_loops_corners, uniq_natasha
D:3:      layout_rooms, serial_shops, nicolae_shop_stone,
          nicolae_lakefront_shop, shop, shop
D:4:      nicolae_cairo_tiling, layout_basic, serial_shops, shop,
          nicolae_diamond_shop, shop, nicolae_shop_bloodbath_and_beyond,
          uniq_duvessa

Skill      XL: |  1  2  3  4  5  6 |
---------------+-------------------+-----
Conjurations   | 2 |  2.6
Spellcasting   | 5 |  5.3
Invocations    | 1 2 |  2.1
Fighting       | 1 2 |  2.0
Short Blades   | 1 2 |  2.0
Long Blades    | 1 2 |  2.0
Axes           | 1 2 |  2.0
Maces & Flails | 1 2 |  2.0
Polearms       | 1 2 |  2.0
Staves         | 1 2 |  2.0
Ranged Weapons | 1 2 |  2.0
Throwing       | 1 2 |  2.0
Armour         | 1 2 |  2.0
Shields        | 1 2 |  2.0
Unarmed Combat | 1 2 |  2.0
Evocations     | 1 2 |  2.0
Shapeshifting  | 1 |  1.7
Hexes          | 1 |  1.5
Summonings     | 1 |  1.5
Necromancy     | 1 |  1.5
Translocations | 1 |  1.5
Fire Magic     | 1 |  1.5
Ice Magic      | 1 |  1.5
Air Magic      | 1 |  1.5
Earth Magic    | 1 |  1.5
Dodging        | 5 |  5.0
Stealth        | |  4.6
Alchemy        | |  5.6

Action                     |  1- 3 |  4- 6 || total
---------------------------+-------+-------++-------
  Melee: Short sword       |    19 |       ||    19
         Bite              |     1 |    10 ||    11
         Dagger            |     1 |    58 ||    59
         War axe           |       |    56 ||    56
   Cast: Sting             |    44 |    41 ||    85
         Mercury Vapours   |       |     8 ||     8
         Mephitic Cloud    |       |     1 ||     1
    Use: Potion            |       |     3 ||     3
   Stab: Sleeping          |     2 |     6 ||     8
 Armour: Robe              |    21 |    80 ||   101
  Dodge: Dodged            |    22 |   108 ||   130
